 Dungeon Crawl Stone Soup version 0.30-a0-222-ge547ba4400 (webtiles) character file.

Game seed: 9524709660316344735

1448400 910rd the Meteorologist (level 27, 193/193 HPs)
             Began as a Tengu Air Elementalist on Oct 7, 2022.
             Was the Champion of Vehumet.
             Escaped with the Orb
             ... and 3 runes on Oct 8, 2022!
             The game lasted 07:37:48 (94379 turns).

910rd the Meteorologist (Tengu Air Elementalist)   Turns: 94379, Time: 07:37:49

Health: 193/193    AC: 14    Str:  7    XL:     27
Magic:  37/62      EV: 21    Int: 34    God:    Vehumet [******]
Gold:   1626       SH: 12    Dex: 10    Spells: 7/56 levels left

rFire   + + +      SeeInvis .    y - staff of air
rCold   + . .      Faith    .    X - +2 kite shield of Distant Worlds {rCorr MP+9 Dex-5}
rNeg    . . .      Spirit   .    N - +2 robe {Archmagi}
rPois   +          Reflect  .    k - +3 hat of Pondering {ponderous, Will+ MP+10 Int+5}
rElec   +          Harm     .    Z - +2 cloak {Stlth+}
rCorr   +          Rampage  .    x - +2 pair of gloves
Will    +++..      Archmagi +    (boots unavailable)
Stlth   +.........               s - amulet of magic regeneration
HPRegen 0.52/turn                R - ring "Ehacye" {rElec rPois rF+++ rCorr Stlth-}
MPRegen 0.78/turn                Y - ring of wizardry

@: flying quickly and evasively, studying Dodging
A: beak, talons 3, nimble flight, cold resistance 1, fire resistance 1, weak 1
0: Orb of Zot
}: 3/15 runes: decaying, serpentine, slimy
a: Renounce Religion


You escaped.
You worshipped Vehumet.
Vehumet was exalted by your worship.
You visited 11 branches of the dungeon, and saw 52 of its levels.
You also visited: Trove, Gauntlet, Ice Cave, Volcano and Wizlab.

You collected 7119 gold pieces.
You spent 5493 gold pieces at shops.

Inventory:

Hand Weapons
 F - the +7 dagger "Haog" {speed, rC+ Will+ Stlth+}
   (You found it on level 4 of the Vaults)

   Attacks with this weapon are significantly faster.
   rC:        It protects you from cold.
   Will:      It increases your willpower.
   Stlth:     It makes you more stealthy.
 G - the +7 falchion of Brawling {pain, rElec rN++ Dex-4 Stlth+}
   (You took it off an ironbound preserver on level 4 of the Vaults)

   In the hands of one skilled in necromantic magic, it inflicts extra damage on
   living creatures.
   Dex:       It affects your dexterity (-4).
   rElec:     It insulates you from electricity.
   rN:        It greatly protects you from negative energy.
   Stlth:     It makes you more stealthy.
 T - the +10 quick blade of Nightmares {vorpal, rF+ rCorr}
   (You found it on level 9 of the Dungeon)

   It inflicts extra damage upon your enemies.
   rF:        It protects you from fire.
   rCorr:     It protects you from acid and corrosion.
Missiles
 a - 8 throwing nets
 e - 20 curare-tipped darts
Armour
 k - the +3 hat of Pondering (worn) {ponderous, Will+ MP+10 Int+5}
   (You found it on level 3 of the Elven Halls)

   Int:       It affects your intelligence (+5).
   MP:        It affects your magic capacity (+10).
   Will:      It increases your willpower.
 x - a +2 pair of gloves (worn)
 K - a +0 kite shield
 N - a +2 robe of the Archmagi (worn)
 X - the +2 kite shield of Distant Worlds (worn) {rCorr MP+9 Dex-5}
   (You acquired it on level 3 of the Elven Halls)

   Dex:       It affects your dexterity (-5).
   MP:        It affects your magic capacity (+9).
   rCorr:     It protects you from acid and corrosion.
 Z - a +2 cloak of stealth (worn)
Magical Staves
 y - a staff of air (weapon)
Jewellery
 o - the ring "Pud Reidae" {rPois Str+6}
   (You acquired it on level 4 of the Dungeon)

   [ring of strength]

   Str:       It affects your strength (+6).
   rPois:     It protects you from poison.
 s - an amulet of magic regeneration (around neck)
 u - a ring of protection from cold
 B - the ring of the Voivode {Dex+3 SInv}
   (You found it in a Gauntlet)

   [ring of see invisible]

   Dex:       It affects your dexterity (+3).
   SInv:      It lets you see invisible.
 H - a ring of willpower
 M - the amulet of Ihy Feto {Reflect rElec SH+5}
   (You bought it in a shop on level 4 of the Snake Pit)

   [amulet of reflection]

   It reflects blocked missile attacks.
   rElec:     It insulates you from electricity.
   SH:        It affects your SH (+5).
 O - a +6 ring of intelligence
 Q - the ring "Vesuug" {Drain rC++ rCorr Str+7 Stlth+}
   (You bought it in a shop on level 4 of the Snake Pit)

   [ring of resist corrosion]

   Str:       It affects your strength (+7).
   rC:        It greatly protects you from cold.
   rCorr:     It protects you from acid and corrosion.
   Drain:     It drains your maximum health when unequipped.
   Stlth:     It makes you more stealthy.
 R - the ring "Ehacye" (left hand) {rElec rPois rF+++ rCorr Stlth-}
   (You bought it in a shop on level 1 of the Depths)

   [ring of resist corrosion]

   rF:        It renders you almost immune to fire.
   rElec:     It insulates you from electricity.
   rPois:     It protects you from poison.
   rCorr:     It protects you from acid and corrosion.
   Stlth:     It makes you less stealthy.
 V - the ring of Wishful Thinking {rN+ AC+4 Str+4}
   (You found it on level 2 of the Depths)

   [ring of protection]

   AC:        It affects your AC (+4).
   Str:       It affects your strength (+4).
   rN:        It protects you from negative energy.
 Y - a ring of wizardry (right hand)
Wands
 w - a wand of paralysis (21)
 z - a wand of digging (12)
 A - a wand of iceblast (59)
 P - a wand of acid (44)
Scrolls
 c - 6 scrolls of summoning
 f - 7 scrolls of fog
 g - 9 scrolls of immolation
 m - 2 scrolls of fear
 t - 13 scrolls of teleportation
 C - 2 scrolls of silence
 S - 6 scrolls of enchant armour
Potions
 b - 8 potions of magic
 i - 7 potions of haste
 l - 3 potions of ambrosia
 n - 9 potions of invisibility
 q - 10 potions of brilliance
 r - 11 potions of curing
 D - a potion of resistance
 E - 14 potions of mutation
 I - 4 potions of lignification
 J - 2 potions of heal wounds
 U - 9 potions of cancellation
Miscellaneous
 d - a phantom mirror
 p - a box of beasts
 v - a condenser vane
 L - a phial of floods
 W - a tin of tremorstones (2/2)


   Skills:
 + Level 25.2 Fighting
 - Level 8.0 Short Blades
 - Level 10.0 Armour
 - Level 20.0 Dodging
 - Level 3.0 Stealth
 - Level 10.0 Shields
 - Level 15.0 Spellcasting
 - Level 22.0 Conjurations
 - Level 7.0 Translocations
 O Level 27 Air Magic
 - Level 3.0 Poison Magic
 - Level 15.0 Evocations


You had 7 spell levels left.
You knew the following spells:

 Your Spells              Type           Power      Damage    Failure   Level
a - Shock                 Conj/Air       100%       1d9       0%          1
b - Arcjolt               Conj/Air       81%        1d91      0%          5
c - Airstrike             Air            84%        2d(12-28) 0%          4
d - Poisonous Vapours     Pois/Air       100%       N/A       0%          2
e - Chain Lightning       Conj/Air       81%        3d108     1%          9
f - Conjure Ball Lightni  Conj/Air       81%        3x3d31    0%          6
g - Maxwell's Capacitive  Air            84%        ∞         1%          8
h - Passage of Golubria   Tloc           83%        N/A       1%          4
i - Orb of Destruction    Conj           66%        9d16      1%          7
q - Swiftness             Air            100%       N/A       0%          3

Your spell library contained the following spells:

 Spells                   Type           Power      Damage    Failure   Level
 Lehudib's Crystal Spear  Conj/Erth      50%        10d12     24%         8
 Ignition                 Fire           19%        3d7       100%        8
 Static Discharge         Conj/Air       100%       2-7/arc   0%          2
 Mephitic Cloud           Conj/Pois/Air  100%       N/A       0%          3
 Vhi's Electric Charge    Tloc/Air       100%       N/A       0%          3
 Iskenderun's Battlesphe  Conj           100%       2d15      0%          5
 Beastly Appendage        Tmut           76%        N/A       1%          1
 Freeze                   Ice            100%       1d11      1%          1
 Slow                     Hex            100%       N/A       1%          1
 Sting                    Tmut/Pois      100%       1d8       1%          1
 Cigotuvi's Dreadful Rot  Necr/Pois/Air  100%       N/A       1%          2
 Scorch                   Fire           76%        2d9       1%          2
 Frozen Ramparts          Ice            76%        1d12      1%          3
 Hailstorm                Conj/Ice       100%       3d20      1%          3
 Inner Flame              Hex/Fire       38%        N/A       1%          3
 Kindle Blastsparks       Fire/Tloc/Air  100%       2d18      1%          3
 Flame Wave               Conj/Fire      100%       2d21      1%          4
 Fulminant Prism          Conj/Hex       50%        3d23      1%          4
 Iskenderun's Mystic Bla  Conj/Tloc      100%       2d19      1%          4
 Manifold Assault         Tloc           83%        N/A       1%          4
 Sticky Flame             Conj/Fire      100%       2d11      1%          4
 Fireball                 Conj/Fire      50%        3d20      1%          5
 Freezing Cloud           Conj/Ice/Air   70%        6-21      1%          5
 Irradiate                Conj/Tmut      50%        3d28      1%          5
 Silence                  Hex/Air        66%        N/A       1%          5
 Iron Shot                Conj/Erth      50%        9d10      1%          6
 Ensorcelled Hibernation  Hex/Ice        76%        N/A       2%          2
 Passwall                 Tmut/Erth      31%        N/A       2%          2
 Wereblood                Tmut           38%        N/A       2%          2
 Spider Form              Tmut/Pois      52%        N/A       2%          3
 Confusing Touch          Hex            38%        N/A       4%          3
 Ozocubu's Armour         Ice            38%        N/A       4%          3
 Tukima's Dance           Hex            38%        N/A       4%          3
 Vampiric Draining        Necr           38%        2d8       4%          3
 Summon Forest            Summ/Tloc      32%        N/A       9%          5
 Lee's Rapid Deconstruct  Erth           19%        3d12*     11%         5
 Yara's Violent Unravell  Hex/Tmut       19%        3d9       11%         5
 Dispersal                Tloc           41%        N/A       12%         6
 Anguish                  Hex/Necr       19%        N/A       14%         4
 Animate Armour           Summ/Erth      76%        N/A       14%         4
 Animate Dead             Necr           38%        N/A       14%         4
 Dispel Undead            Necr           38%        3d16      14%         4
 Leda's Liquefaction      Hex/Erth       19%        N/A       14%         4
 Summon Ice Beast         Ice/Summ       38%        N/A       14%         4
 Eringya's Noxious Bog    Tmut/Pois      26%        N/A       28%         6
 Blade Hands              Tmut           19%        N/A       34%         5
 Borgnjor's Vile Clutch   Necr/Erth      19%        N/A       34%         5
 Summon Mana Viper        Hex/Summ       38%        N/A       34%         5
 Death Channel            Necr           19%        N/A       88%         6
 Statue Form              Tmut/Erth      25%        N/A       88%         6
 Summon Cactus Giant      Summ           19%        N/A       88%         6
 Ozocubu's Refrigeration  Ice            19%        4d11      90%         7
 Dragon Form              Tmut           19%        N/A       100%        7
 Haunt                    Necr/Summ      19%        N/A       100%        7
 Monstrous Menagerie      Summ           19%        N/A       100%        7
 Summon Hydra             Summ           19%        N/A       100%        7
 Fire Storm               Conj/Fire      50%        8d13      95%         9
 Disjunction              Tloc           41%        N/A       99%         8
 Borgnjor's Revivificati  Necr           19%        N/A       100%        8
 Discord                  Hex            19%        N/A       100%        8
 Necromutation            Tmut/Necr      19%        N/A       100%        8
 Death's Door             Necr           19%        N/A       100%        9
 Shatter                  Erth           19%        3d17*     100%        9


Dungeon Overview and Level Annotations

Branches:
Dungeon (15/15)            Temple (1/1) D:7            Lair (5/5) D:11
  Swamp (4/4) Lair:3        Snake (4/4) Lair:2        Slime (5/5) Lair:5
    Orc (2/2) D:9             Elf (3/3) Orc:2        Vaults (4/5) D:14
  Crypt (0/3) Vaults:3     Depths (4/4) D:15            Zot (5/5) Depths:4
  IceCv (visited)         Volcano (visited)          WizLab (visited)
Gauntlet (visited)

Altars:
Ashenzari
Cheibriados
Dithmenos
Elyvilon
Fedhas
Gozag
Hepliaklqana
Kikubaaqudgha
Makhleb
Nemelex Xobeh
Okawaru
Qazlal
Ru
Sif Muna
Trog
Uskayaw
Vehumet
Wu Jian
Xom
Yredelemnul
Zin
The Shining One
Jiyva
Lugonu

Shops:
D:10 (   Orc:2 ([:?   Elf:2 =   Snake:1 ::=   Snake:4 (==   Vaults:4 *
Depths:1 =

Portals:
Hell: Depths:1 Depths:2 Depths:3 Depths:4
Abyss: Depths:3 Depths:4
Pandemonium: Depths:2
Ziggurat: Depths:4

Annotations:
Elf:2 3 runed translucent doors
Zot:3 exclusion: upstairs


Innate Abilities, Weirdness & Mutations

You have a beak for a mouth.
You have claws for feet.
Your magical nature lets you fly swiftly and evasively.
Your flesh is cold resistant. (rC+)
Your flesh is heat resistant. (rF+)
You are weak. (Str -2)


Message History

You enter the passage of Golubria.
You enter the passage of Golubria.
Casting: Passage of Golubria (mildly dangerous; 1% risk of failure)
Confirm with . or Enter, or press ? or * to list all spells.
Aiming: Passage of Golubria (mildly dangerous; 1% risk of failure)
Press: ? - help, Dir - move target You feel a surge of power!
The Orb disrupts the stability of your passage!
You now have 41/62 mp.
You enter the passage of Golubria.
You enter the passage of Golubria.
You enter the passage of Golubria.
Casting: Passage of Golubria (mildly dangerous; 1% risk of failure)
Confirm with . or Enter, or press ? or * to list all spells.
Aiming: Passage of Golubria (mildly dangerous; 1% risk of failure)
Press: ? - help, Dir - move target You feel a surge of power!
The Orb disrupts the stability of your passage!
You now have 41/62 mp.
You can't go down here!
You enter the passage of Golubria.
There is a passage of Golubria here.
You enter the passage of Golubria.
A Tzitzimitl comes into view.
There is a staircase leading out of the dungeon here.
You feel a strong surge of power! Lightning arcs from your hands!
The bolt of lightning hits the Tzitzimitl!!!
The Tzitzimitl resists.
The Tzitzimitl is heavily wounded.
The Tzitzimitl gestures at you. The bolt of negative energy misses you.
You now have 38/62 mp.
You feel a strong surge of power! Lightning arcs from your hands!
The bolt of lightning hits the Tzitzimitl!!!
The Tzitzimitl resists.
You kill the Tzitzimitl!
Vehumet accepts your kill.
You feel your power returning.
You now have 37/62 mp.
You have escaped!

.......................###.##
.........###...........# #.#
..######## #..........####(#
########## ######.....###..######
.........# ###.......##.).....#
...#.#..######.......#.##.......#
...(.........##≈≈≈#'...##.......#
......#......#.....#............#
......#......≈..@..≈............#
#.....#.....^≈..⌠..≈...##.......#
......#..§§§§#.....#....#.>.....#
......###≈≈§###≈≈≈###...........#
......§#§..§.#§.....#...##......#
.....§.§§.⌠..§§.....#..##########
.......≈§....≈§.....#.##
.......#.....#......#.#
#.#÷...+#§≈≈##........#


There were no monsters in sight!

Vanquished Creatures
  the Royal Jelly (Slime:5)
  Dissolution (Slime:4)
  5 dread liches (Zot:5)
  2 orbs of fire (Zot:5)
  3 ancient liches (Zot:5)
  3 pandemonium lords
  2 Killer Klowns (Zot:5)
  A curse toe (Zot:4)
  Bai Suzhen (Swamp:4)
  Vashnia (Snake:4)
  Nikola (Snake:2)
  3 golden dragons
  A bone dragon (Depths:4)
  20 tentacled monstrosities
  2 Tzitzimimeh
  2 hellephants (Depths:1)
  An electric golem (Zot:5)
  Jorgrun (Snake:2)
  26 Orb Guardians
  A Hell Sentinel (Zot:5)
  4 liches
  Zenata (Vaults:2)
  Mlioglotl (Swamp:3)
  2 deep elf master archers (Elf:3)
  A walking earthen tome (WizLab)
  2 deep elf blademasters (Elf:3)
  A titan (Depths:2)
  2 walking divine tomes
  3 quicksilver dragons
  A walking frostbound tome (WizLab)
  17 acid blobs
  5 sphinxes
  9 death cobs
  3 tengu reavers
  Kirke (Snake:4)
  9 draconian monks
  A strange machine (WizLab)
  The ghost of Zucuh the Fencer, an adept DrGl of Ashenzari (Depths:1)
  13 rockslimes
  3 shadow dragons (Zot:1)
  12 azure jellies
  A revenant (Vaults:3)
  11 frost giants
  9 storm dragons
  2 draconian knights (Zot:1)
  Donald (Snake:4)
  2 deep elf sorcerers (Elf:3)
  The ghost of Kidoeg the Warrior, an adept GrFi of the Shining One (Depths:4)
  7 vault wardens
  9 fire giants
  4 nagarajas (Snake:4)
  Aizul (Snake:3)
  2 ghost moths
  5 cacodemons
  Louise (Snake:2)
  3 draconian scorchers (Zot:1)
  An orc warlord (Vaults:4)
  5 ghouls (Swamp:2)
  2 deep elf elementalists (Elf:3)
  2 draconian shifters (Zot:1)
  7 draconian stormcallers
  13 quicksilver oozes
  A demonspawn corrupter (Depths:2)
  17 stone giants
  4 draconian annihilators
  13 ironbound preservers
  A spriggan defender (Depths:2)
  7 ironbound thunderhulks
  29 very ugly things
  3 eleionomae
  8 green draconians
  Nessos (D:12)
  2 vampire knights
  5 deep elf demonologists
  5 purple draconians
  5 bunyips
  12 dire elephants
  9 black draconians
  12 yellow draconians
  A minotaur (Gauntlet)
  5 deep elf annihilators (Elf:3)
  13 spark wasps
  A blizzard demon (Depths:1)
  13 white draconians
  8 red draconians
  12 ettins
  19 fire dragons
  A shambling mangrove (Swamp:4)
  5 entropy weavers
  The ghost of Nank the Warrior, a journeyman GrBe of Trog (Lair:2)
  4 deep elf death magi
  3 green deaths
  2 crystal guardians
  4 deep elf high priests
  9 yaktaur captains
  A servant of whispers (Vaults:2)
  A vault guard (Vaults:1)
  10 ice dragons
  Erolcha (D:12)
  3 peacekeepers
  14 rakshasas
  A caustic shrike simulacrum (Depths:1)
  6 salamander tyrants
  8 great orbs of eyes
  9 hydras
  A juggernaut simulacrum (Depths:1)
  2 hell beasts (Swamp:4)
  A merfolk avatar (Lair:5)
  5 spriggan air magi
  3 ogre magi
  2 ghost crabs
  9 centaur warriors
  5 anacondas
  Erica (D:11)
  7 ironbound frosthearts
  12 two-headed ogres
  10 death yaks
  5 deep troll shamans
  2 death knights
  6 boulder beetles
  A catoblepas (D:14)
  A satyr (shapeshifter) (D:15)
  4 alligators
  20 naga warriors
  7 deep troll earth magi
  7 hell hogs
  An orc high priest (Orc:2)
  10 tengu warriors
  33 dancing weapons
  15 naga sharpshooters
  5 shock serpents
  2 vampire magi
  2 sun demons
  2 spriggan berserkers (Depths:4)
  11 deep elf knights
  3 hell knights
  Urug (Orc:1)
  Sonja (Lair:1)
  Nergalle (Lair:1)
  9 iron trolls
  Amaemon (Lair:1)
  2 soul eaters
  A fire crab (Gauntlet)
  A sixfirhy (D:15)
  6 skeletal warriors (D:14)
  3 goliath frogs
  7 swamp dragons (Swamp:4)
  A shadow demon (Depths:2)
  A spark wasp zombie (Depths:1)
  5 large abominations
  8 salamander mystics
  56 deep trolls
  A spriggan druid (Swamp:1)
  6 glowing orange brains
  2 flayed ghosts
  An orange crystal statue (Zot:5)
  5 deep elf archers
  11 bog bodies
  12 lindwurms
  A tengu zombie (Depths:1)
  3 necromancers
  13 ironbound convokers
  3 naga ritualists
  5 orc knights
  A wolf spider (Depths:3)
  21 deep elf pyromancers
  48 ugly things
  11 wizards
  23 deep elf zephyrmancers
  21 harpies
  9 mana vipers
  An oklob plant (Lair:1)
  3 manticores
  7 shining eyes
  25 salamanders
  A shadow dragon skeleton (Vaults:4)
  21 elephants
  25 moths of wrath
  4 orc sorcerers
  Maurice (D:10)
  137 slime creatures
  6 will-o-the-wisps
  A guardian serpent (shapeshifter) (D:15)
  9 vault sentinels
  5 cyclopes
  4 eyes of devastation
  An ice statue (IceCv)
  13 naga magi
  39 black mambas
  2 guardian serpents
  A demonic crawler (D:8)
  5 orange demons
  A black mamba (shapeshifter) (Depths:4)
  A gargoyle (D:10)
  2 kobold demonologists
  11 cane toads
  Psyche (D:10)
  6 unseen horrors
  A rime drake (shapeshifter) (Depths:1)
  14 rime drakes
  A yaktaur zombie (Vaults:4)
  2 freezing wraiths
  10 komodo dragons
  30 yaktaurs
  A spectral human (Depths:1)
  6 tengu conjurers
  14 trolls
  An ice devil (D:8)
  A hydra zombie (Swamp:1)
  3 bloated husks
  3 meliai (D:13)
  A meliai (shapeshifter) (D:15)
  A queen bee (D:13)
  7 tyrant leeches
  6 polar bears
  3 saltlings (Vaults:2)
  7 hornets
  Prince Ribbit (D:7)
  12 blink frogs
  A raiju (shapeshifter) (D:15)
  2 tarantellas
  2 snapping turtles (Lair:5)
  Grinder (D:6)
  6 dream sheep (Lair:5)
  3 air elementals
  A wyvern (shapeshifter) (Elf:2)
  Sigmund (D:2)
  4 shadows
  4 wraiths
  7 spriggans
  7 water elementals
  A ynoxinul (D:10)
  A hog (shapeshifter) (Depths:3)
  4 fire bats (Gauntlet)
  Grum (D:9)
  7 wyverns
  34 yaks
  5 fire elementals
  6 redbacks
  5 steam dragons
  A hog (Snake:4)
  6 basilisks
  6 small abominations
  4 chaos spawn (Depths:4)
  10 vampire mosquitoes
  A naga (shapeshifter) (Depths:1)
  4 wargs
  51 nagas
  A warg (shapeshifter) (Elf:1)
  3 acid dragons
  A water moccasin (shapeshifter) (Depths:1)
  13 swamp worms
  Duvessa (D:4)
  13 water moccasins
  2 floating eyes
  4 hell hounds
  2 swamp drakes (Swamp:1)
  An ice beast (shapeshifter) (Depths:1)
  A swamp drake (shapeshifter) (Depths:1)
  3 black bears
  A sky beast (D:7)
  17 orc warriors
  An ice beast (D:3)
  2 ettin simulacra
  13 wolves
  A wolf (shapeshifter) (Depths:1)
  A boggart (shapeshifter) (Depths:1)
  24 ogres
  5 centaurs
  6 phantoms
  2 kobold brigands
  2 necrophages
  4 bullfrogs
  3 gnoll sergeants (D:10)
  4 earth elementals
  2 scorpions
  Dowan (D:4)
  12 wights
  15 killer bees
  A vampire bat (Lair:2)
  5 electric eels
  4 howler monkeys (D:9)
  2 torpor snail simulacra (Lair:2)
  4 hounds
  3 jellies
  A quasit (D:10)
  Crazy Yiuf (D:7)
  A komodo dragon simulacrum (Lair:2)
  12 orc priests
  A gnoll bouda (D:10)
  3 iguanas
  26 orc wizards
  4 hell rats (Lair:4)
  A basilisk simulacrum (Lair:2)
  23 gnolls
  8 adders
  A river rat (shapeshifter) (Depths:1)
  A white imp (D:5)
  4 worms
  3 dart slugs
  64 orcs
  7 endoplasms
  7 giant cockroaches
  A giant cockroach (shapeshifter) (Depths:1)
  11 goblins
  A hobgoblin (shapeshifter) (Depths:1)
  6 hobgoblins
  8 jackals
  10 kobolds
  4 quokkas
  7 ball pythons
  14 bats
  3 frilled lizards
  4 rats
2105 creatures vanquished.

Vanquished Creatures (collateral kills)
  A gnoll sergeant (D:10)
1 creature vanquished.

Vanquished Creatures (others)
  A black mamba (Snake:2)
  4 humans (Snake:4)
  30 ball lightnings
  A butterfly (Depths:1)
  14 foxfires
  40 fungi
  81 plants
171 creatures vanquished.

Grand Total: 2277 creatures vanquished

Notes
Turn   | Place    | Note
-------+----------+-------------------------------------------
     0 | D:1      | 910rd the Tengu Air Elementalist began the quest for the
                  | Orb.
     0 | D:1      | Reached XP level 1. HP: 10/10 MP: 4/4
   169 | D:1      | Reached XP level 2. HP: 13/15 MP: 0/6
   187 | D:1      | Learned a level 2 spell: Static Discharge
   279 | D:1      | Reached skill level 5 in Air Magic
   520 | D:1      | Reached skill level 1 in Fighting
   638 | D:1      | Reached XP level 3. HP: 20/20 MP: 3/7
   985 | D:2      | Reached XP level 4. HP: 24/26 MP: 8/8
  1023 | D:2      | Found a snail-covered altar of Cheibriados.
  1123 | D:2      | Noticed Sigmund
  1130 | D:2      | Killed Sigmund
  1131 | D:2      | Reached skill level 6 in Air Magic
  1131 | D:2      | Gained mutation: Your magical nature lets you fly swiftly
                  | and evasively. [Tengu growth]
  1131 | D:2      | Reached XP level 5. HP: 23/30 MP: 2/10
  1222 | D:2      | Reached XP level 6. HP: 35/35 MP: 9/11
  1630 | D:3      | Noticed an ice beast
  1670 | D:3      | Reached skill level 7 in Air Magic
  1726 | D:3      | Killed an ice beast
  1727 | D:3      | Reached skill level 8 in Air Magic
  1833 | D:3      | Learned a level 4 spell: Airstrike
  2269 | D:3      | Reached XP level 7. HP: 19/40 MP: 1/12
  2347 | D:3      | Learned a level 3 spell: Swiftness
  2693 | D:4      | Identified a scroll of acquirement
  2746 | D:4      | Found a shadowy altar of Dithmenos.
  2778 | D:5      | Entered Level 5 of the Dungeon
  3603 | D:4      | Noticed Duvessa
  3604 | D:4      | Noticed Dowan
  3608 | D:4      | Killed Duvessa
  3609 | D:4      | Reached skill level 9 in Air Magic
  3616 | D:4      | Killed Dowan
  4472 | D:6      | Reached skill level 10 in Air Magic
  4472 | D:6      | Reached XP level 8. HP: 41/45 MP: 2/15
  4719 | D:6      | Reached skill level 1 in Evocations
  5005 | D:6      | Reached skill level 1 in Armour
  5097 | D:6      | Reached skill level 1 in Shields
  5474 | D:6      | Noticed Grinder
  5481 | D:6      | Killed Grinder
  5482 | D:6      | Reached skill level 11 in Air Magic
  5482 | D:6      | Reached XP level 9. HP: 52/52 MP: 2/16
  5592 | D:7      | Found a radiant altar of Vehumet.
  5600 | D:7      | Became a worshipper of Vehumet
  5754 | D:6      | Reached skill level 12 in Air Magic
  6687 | D:5      | Reached skill level 5 in Spellcasting
  7457 | D:7      | Noticed Prince Ribbit
  7467 | D:7      | Killed Prince Ribbit
  7468 | D:7      | Reached skill level 5 in Conjurations
  7612 | D:7      | Reached skill level 5 in Fighting
  8227 | D:7      | Reached * piety under Vehumet
  8227 | D:7      | Offered knowledge of Magic Dart by Vehumet.
  8234 | D:7      | Reached XP level 10. HP: 53/59 MP: 8/18
  8365 | D:7      | Found a staircase to the Ecumenical Temple.
  8375 | Temple   | Entered the Ecumenical Temple
  8644 | D:7      | Found a runed translucent door.
  8645 | D:7      | Noticed Crazy Yiuf
  8650 | D:7      | Killed Crazy Yiuf
  8924 | D:8      | Reached skill level 13 in Air Magic
  9682 | D:8      | Found a glowing golden altar of the Shining One.
 10070 | D:8      | Reached skill level 14 in Air Magic
 10241 | D:9      | Noticed a centaur warrior
 10243 | D:9      | Noticed Grum
 10424 | D:8      | Offered knowledge of Momentum Strike by Vehumet.
 10657 | D:9      | Found a staircase to the Orcish Mines.
 10850 | D:9      | Noticed a boulder beetle
 10866 | D:9      | Killed a boulder beetle
 10866 | D:9      | Reached ** piety under Vehumet
 10920 | D:9      | Killed a centaur warrior
 11043 | D:9      | Identified the +10 quick blade of Nightmares {vorpal, rF+
                  | rCorr}
 11068 | D:9      | Killed Grum
 11126 | D:9      | Reached XP level 11. HP: 68/68 MP: 12/20
 11417 | D:10     | Entered Level 10 of the Dungeon
 11661 | D:10     | Noticed Psyche
 11663 | D:10     | Killed Psyche
 11664 | D:10     | Reached skill level 15 in Air Magic
 11758 | D:10     | Noticed a white ugly thing
 11800 | D:10     | Killed a white ugly thing
 12075 | D:10     | Noticed Maurice
 12079 | D:10     | Killed Maurice
 12143 | D:10     | Found Jajev's Weapon Emporium.
 12147 | D:10     | Bought 2 throwing nets for 66 gold pieces
 12193 | D:10     | Noticed a lindwurm
 12200 | D:10     | Offered knowledge of Stone Arrow by Vehumet.
 12255 | D:10     | Noticed a lindwurm
 12257 | D:10     | Killed a lindwurm
 12262 | D:10     | Noticed a lindwurm
 12263 | D:10     | Killed a lindwurm
 12296 | D:10     | Killed a lindwurm
 12324 | D:10     | Noticed a lindwurm
 12329 | D:10     | Killed a lindwurm
 12559 | D:10     | Found a sparkling altar of Nemelex Xobeh.
 12811 | D:10     | Found a glowing silver altar of Zin.
 12811 | D:10     | Noticed an angel
 12964 | D:10     | Reached skill level 10 in Fighting
 13093 | D:11     | Found a staircase to the Lair.
 13262 | D:11     | Noticed Erica
 13268 | D:11     | Killed Erica
 13269 | D:11     | Reached skill level 5 in Evocations
 13418 | D:11     | Reached skill level 5 in Dodging
 13423 | D:11     | Found a frozen archway.
 13443 | IceCv    | Entered an ice cave
 13456 | IceCv    | Learned a level 2 spell: Poisonous Vapours
 13457 | IceCv    | Reached skill level 1 in Poison Magic
 13460 | IceCv    | Reached XP level 12. HP: 36/77 MP: 13/22
 13651 | IceCv    | Noticed a death yak
 13662 | IceCv    | Reached *** piety under Vehumet
 13675 | IceCv    | Killed a death yak
 14020 | IceCv    | Got Ipem's Exposition on the Snowflakes
 14042 | IceCv    | Noticed a frost giant
 14044 | IceCv    | Noticed a death yak
 14054 | IceCv    | Killed a death yak
 14063 | IceCv    | Killed a frost giant
 14269 | IceCv    | Offered knowledge of Flame Wave by Vehumet.
 14383 | IceCv    | Noticed a death yak
 14384 | IceCv    | Noticed a death yak
 14433 | IceCv    | Killed a death yak
 14467 | IceCv    | Killed a death yak
 14554 | IceCv    | Noticed a death yak
 14585 | IceCv    | Killed a death yak
 15357 | D:11     | Found a portal to a secret trove of treasure.
 15411 | D:11     | Reached XP level 13. HP: 86/86 MP: 20/26
 15990 | D:11     | Reached **** piety under Vehumet
 16222 | Lair:1   | Entered Level 1 of the Lair of Beasts
 16528 | Lair:1   | Noticed Amaemon
 16545 | Lair:1   | Killed Amaemon
 16581 | Lair:1   | Offered knowledge of Arcjolt by Vehumet.
 16588 | Lair:1   | Learned a level 5 spell: Arcjolt
 16647 | Lair:1   | Noticed Nergalle
 16652 | Lair:1   | Killed Nergalle
 16771 | Lair:1   | Noticed Sonja
 16783 | Lair:1   | Killed Sonja
 17477 | Lair:2   | Identified the +1 whip "Wueddar" {venom, Int+3}
 17490 | Lair:2   | Identified the +1 leather armour of Mordant Wonder {Contam
                  | Will+ Str+7 Slay-4}
 17674 | Lair:2   | Found a staircase to the Snake Pit.
 17750 | Lair:2   | Reached skill level 5 in Short Blades
 17848 | Lair:2   | Found a runed translucent gate.
 17848 | Lair:2   | Found a runed translucent gate.
 17848 | Lair:2   | Found a runed translucent gate.
 18180 | Lair:2   | Identified the +1 ring mail of Context {rC+ Int+2}
 18417 | Lair:2   | Noticed Nank's ghost (journeyman GrBe)
 18595 | Lair:3   | Found a gate leading to a gauntlet.
 18609 | Gauntlet | Entered a Gauntlet
 18609 | Gauntlet | Found a transporter.
 18648 | Gauntlet | Found a transporter.
 18649 | Gauntlet | Found a transporter.
 18653 | Gauntlet | Found a transporter.
 18657 | Gauntlet | Found a transporter.
 18660 | Gauntlet | Found a transporter.
 18661 | Gauntlet | Found a transporter.
 18669 | Gauntlet | Found a transporter.
 18672 | Gauntlet | Found a transporter.
 18673 | Gauntlet | Found a transporter.
 18678 | Gauntlet | Noticed a blizzard demon
 18682 | Gauntlet | Found a transporter.
 18684 | Gauntlet | Found a transporter.
 18685 | Gauntlet | Found a transporter.
 18693 | Gauntlet | Found a transporter.
 19165 | Gauntlet | Identified the +0 pair of gloves of Rusunna {*Corrode Will+
                  | Int+2 Dex+6}
 19285 | Gauntlet | Noticed a minotaur
 19309 | Gauntlet | Killed a minotaur
 19502 | Gauntlet | Identified the +5 whip of the Pill Bug {freeze, Int+3 SInv}
 19502 | Gauntlet | Identified the ring of the Voivode {Dex+3 SInv}
 19674 | Lair:3   | Reached ***** piety under Vehumet
 19679 | Lair:3   | Reached XP level 14. HP: 56/96 MP: 12/27
 19878 | Lair:3   | Offered knowledge of Iskenderun's Mystic Blast by Vehumet.
 19936 | Lair:3   | Found a staircase to the Swamp.
 20245 | Lair:3   | Reached skill level 15 in Fighting
 20395 | Lair:3   | Reached XP level 15. HP: 103/103 MP: 28/28
 20396 | Lair:3   | Reached skill level 5 in Shields
 20396 | Lair:3   | Reached XP level 16. HP: 108/108 MP: 28/30
 21350 | Lair:4   | Found a dark tunnel.
 21365 | Volcano  | Entered a volcano
 21435 | Volcano  | Reached skill level 10 in Spellcasting
 22643 | Lair:5   | Entered Level 5 of the Lair of Beasts
 22647 | Lair:5   | Offered knowledge of Conjure Ball Lightning by Vehumet.
 22648 | Lair:5   | Reached skill level 10 in Dodging
 22657 | Lair:5   | Learned a level 6 spell: Conjure Ball Lightning
 22688 | Lair:5   | Found a viscous altar of Jiyva.
 22882 | Lair:5   | Reached skill level 16 in Air Magic
 23554 | Lair:5   | Identified the +5 ring mail of the Moon {Stlth+}
 23775 | Lair:5   | Found a staircase to the Slime Pits.
 23868 | Lair:5   | Reached skill level 17 in Air Magic
 24355 | Lair:5   | Reached skill level 18 in Air Magic
 25063 | Orc:1    | Entered Level 1 of the Orcish Mines
 25073 | Orc:1    | Reached skill level 5 in Armour
 25519 | Orc:2    | Entered Level 2 of the Orcish Mines
 25758 | Orc:1    | Noticed Urug
 25762 | Orc:1    | Killed Urug
 26134 | Orc:2    | Offered knowledge of Fireball by Vehumet.
 26228 | Orc:2    | Found a staircase to the Elven Halls.
 26309 | Orc:2    | Reached XP level 17. HP: 100/113 MP: 28/32
 26929 | Orc:2    | Found Zairr's Antique Weapon Boutique.
 26945 | Orc:2    | Found Beduvak's Book Boutique.
 26946 | Orc:2    | Found Xeicusma's Magic Scroll Shoppe.
 27034 | Orc:2    | Found Wuoroe Fiexo's Antique Armour Shop.
 27136 | Orc:2    | Bought a scroll of blinking for 127 gold pieces
 27136 | Orc:2    | Bought a scroll of teleportation for 51 gold pieces
 27136 | Orc:2    | Bought a scroll of summoning for 161 gold pieces
 27145 | Orc:2    | Bought a pair of glowing gloves for 232 gold pieces
 27147 | Orc:2    | Acquired the ring "Pud Reidae" {rPois Str+6}
 27226 | Orc:2    | Found a shimmering blue altar of Sif Muna.
 27255 | Orc:2    | Got Sif Muna's Folio of Transmogrification
 27459 | Orc:2    | Bought Maxwell's Memoranda for 684 gold pieces
 27472 | Orc:2    | Learned a level 8 spell: Maxwell's Capacitive Coupling
 27600 | Snake:1  | Entered Level 1 of the Snake Pit
 28070 | Snake:1  | Found Luninwox's Jewellery Emporium.
 28071 | Snake:1  | Found Ipeso's Book Shop.
 28071 | Snake:1  | Found Dufos's Book Shop.
 28136 | Snake:1  | Reached skill level 19 in Air Magic
 28362 | Snake:1  | Offered knowledge of Yara's Violent Unravelling by Vehumet.
 29084 | Snake:2  | Reached skill level 20 in Air Magic
 29666 | Snake:2  | Noticed Jorgrun
 29671 | Snake:2  | Killed Jorgrun
 29675 | Snake:2  | Noticed Nikola
 30216 | Snake:2  | Killed Nikola
 30462 | Snake:2  | Noticed Louise
 30474 | Snake:2  | Killed Louise
 30505 | Snake:2  | You are sucked into a shaft and drop 1 floor!
 32168 | Snake:3  | Reached XP level 18. HP: 119/119 MP: 26/35
 32239 | Snake:3  | Noticed Aizul
 32258 | Snake:3  | Killed Aizul
 32484 | Snake:3  | Found an iron altar of Okawaru.
 32979 | Snake:4  | Entered Level 4 of the Snake Pit
 33443 | Snake:4  | Reached skill level 10 in Conjurations
 33650 | Snake:4  | Noticed Donald
 33670 | Snake:4  | Killed Donald
 33712 | Snake:4  | Noticed Kirke
 34051 | Snake:4  | Found Wumoumo's Jewellery Shoppe.
 34058 | Snake:4  | Found Egohuajo's Jewellery Emporium.
 34064 | Snake:4  | Killed Kirke
 34066 | Snake:4  | Found Dacich's Weapon Shoppe.
 34246 | Snake:4  | Identified the +0 ring mail "Noggof" {rC+ Dex+5 Stlth-}
 34879 | Snake:4  | Noticed Vashnia
 34884 | Snake:4  | Killed Vashnia
 35533 | Snake:4  | Reached skill level 1 in Translocations
 36299 | Snake:4  | Reached skill level 5 in Translocations
 36598 | Snake:4  | Got a serpentine rune of Zot
 36845 | Swamp:1  | Entered Level 1 of the Swamp
 36997 | Swamp:1  | Identified the +5 short sword of Honlotidgh {vorpal, SInv}
 37258 | Swamp:1  | Offered knowledge of Lightning Bolt by Vehumet.
 37533 | Swamp:1  | Reached XP level 19. HP: 124/124 MP: 26/38
 37638 | Snake:1  | Bought Great Wizards, Vol. VII for 450 gold pieces
 37643 | Snake:1  | Learned a level 4 spell: Passage of Golubria
 38010 | Swamp:1  | Got the Spellbook of Reanimation Made Easy
 38132 | Swamp:2  | Noticed a tentacled monstrosity
 38137 | Swamp:2  | Killed a tentacled monstrosity
 39384 | Swamp:3  | Noticed Mlioglotl
 39393 | Swamp:3  | Killed Mlioglotl
 39393 | Swamp:3  | Reached ****** piety under Vehumet
 39615 | Swamp:3  | Noticed a tentacled monstrosity
 39621 | Swamp:3  | Killed a tentacled monstrosity
 39920 | Swamp:4  | Entered Level 4 of the Swamp
 39970 | Swamp:4  | Noticed Bai Suzhen
 39992 | Swamp:4  | Killed Bai Suzhen
 40476 | Swamp:4  | Offered knowledge of Spellforged Servitor by Vehumet.
 40790 | Swamp:4  | Noticed a tentacled monstrosity
 40794 | Swamp:4  | Killed a tentacled monstrosity
 40795 | Swamp:4  | Reached skill level 15 in Spellcasting
 41768 | Swamp:4  | Got a decaying rune of Zot
 42016 | D:12     | Noticed Erolcha
 42027 | D:12     | Killed Erolcha
 42071 | D:12     | Noticed Nessos
 42109 | D:12     | Killed Nessos
 42184 | D:12     | You are sucked into a shaft and drop 3 floors!
 42184 | D:15     | Entered Level 15 of the Dungeon
 42354 | D:15     | Found an opulent altar of Gozag.
 44546 | D:13     | Offered knowledge of Starburst by Vehumet.
 44610 | D:13     | Reached XP level 20. HP: 131/131 MP: 31/40
 45000 | D:14     | Reached skill level 15 in Conjurations
 45420 | D:14     | Found a gate to the Vaults.
 46365 | D:15     | Found a staircase to the Depths.
 46811 | Vaults:1 | Entered Level 1 of the Vaults
 46916 | Vaults:1 | Offered knowledge of Lehudib's Crystal Spear by Vehumet.
 46916 | Vaults:1 | Offered knowledge of Chain Lightning by Vehumet.
 46916 | Vaults:1 | Offered knowledge of Ignition by Vehumet.
 49305 | Vaults:1 | Identified the amulet "Laylaw" {Spirit Dex+5}
 50032 | Snake:1  | Bought a book of the Spheres for 810 gold pieces
 50040 | Snake:1  | Learned a level 7 spell: Orb of Destruction
 52657 | Vaults:2 | Reached XP level 21. HP: 92/140 MP: 23/41
 53095 | Snake:4  | Learned a level 9 spell: Chain Lightning
 56138 | Vaults:3 | Noticed Zenata
 56600 | Vaults:2 | Killed Zenata
 57062 | Vaults:3 | Found a staircase to the Crypt.
 57980 | Vaults:3 | Reached skill level 21 in Air Magic
 60039 | Vaults:4 | Reached skill level 22 in Air Magic
 60119 | Vaults:4 | Reached XP level 22. HP: 108/145 MP: 42/42
 60765 | Vaults:4 | Identified the +7 dagger "Haog" {speed, rC+ Will+ Stlth+}
 60811 | Vaults:4 | Found Tusmier's Assorted Antiques.
 60846 | Vaults:4 | Identified the +7 falchion of Brawling {pain, rElec rN++
                  | Dex-4 Stlth+}
 62625 | Snake:4  | Bought the amulet of Ihy Feto {Reflect rElec SH+5} for 616
                  | gold pieces
 62946 | Elf:1    | Entered Level 1 of the Elven Halls
 63356 | Elf:1    | Found a magical portal.
 63365 | WizLab   | Entered Tukima's Studio
 63433 | WizLab   | Reached skill level 10 in Shields
 63454 | WizLab   | Identified the +3 triple crossbow of Ciudouc {speed, rC+
                  | Str+4 Dex+4 Stlth+}
 63687 | WizLab   | Noticed 910rd's illusion
 64302 | Elf:1    | Reached skill level 23 in Air Magic
 64675 | Elf:1    | Upgraded the game from 0.30-a0-219-gf2db51d15e to
                  | 0.30-a0-222-ge547ba4400
 66304 | Elf:2    | Found a runed translucent gate.
 66304 | Elf:2    | Found a runed translucent gate.
 66304 | Elf:2    | Found a runed translucent gate.
 66478 | Elf:2    | Found Cykiut's Jewellery Shoppe.
 66822 | Elf:3    | Entered Level 3 of the Elven Halls
 68280 | Elf:3    | Reached XP level 23. HP: 113/155 MP: 29/43
 68699 | Elf:3    | Paralysed by an air elemental for 1 turns
 68986 | Elf:3    | Identified the +1 scale mail of Pride {Will++ Str+4 Dex-4
                  | SInv}
 69295 | Elf:3    | Identified the ring "Olaal" {Fly rElec rCorr Int+3}
 69305 | Elf:3    | Identified the +7 great sword of Dilot {speed, rC+ Str+2}
 69963 | Elf:3    | Got the Papyrus of Flinty Lightning
 69967 | Elf:3    | Identified the +1 dagger of Imminent Death {spect, Int+4
                  | Dex+7}
 70059 | Elf:3    | Found the +3 hat of Pondering {ponderous, Will+ MP+10
                  | Int+5}
 70544 | Depths:1 | Entered Level 1 of the Depths
 71362 | Depths:1 | Found a hazy altar of Hepliaklqana.
 71441 | Depths:1 | Reached skill level 10 in Evocations
 71524 | Depths:1 | Found a runed translucent gate.
 71524 | Depths:1 | Found a runed translucent gate.
 71524 | Depths:1 | Found a runed translucent gate.
 71553 | Depths:1 | Found Daupit's Jewellery Shoppe.
 71794 | Depths:1 | Found a gateway to Hell.
 72049 | Depths:1 | Found a white marble altar of Elyvilon.
 72990 | Depths:1 | Reached skill level 24 in Air Magic
 73195 | Depths:1 | Found a runed translucent gate.
 73195 | Depths:1 | Found a runed translucent gate.
 73199 | Depths:1 | Found a runed translucent gate.
 73203 | Depths:1 | Identified the +1 robe of the Pits of Slime {Rampage Int+3
                  | Dex+3}
 73204 | Depths:1 | Noticed Zucuh's ghost (adept DrGl)
 73223 | Depths:1 | Killed Zucuh's ghost
 73242 | Depths:1 | Identified the +1 pair of gloves of Distant Shores {Rampage
                  | Will+}
 73465 | Depths:2 | Identified the ring of Wishful Thinking {rN+ AC+4 Str+4}
 73754 | Lair:2   | Reached XP level 24. HP: 154/164 MP: 43/43
 73766 | Lair:2   | Killed Nank's ghost
 73778 | Lair:2   | Got the ring of Zeucin {Fire *Corrode Int+5 Dex+3}
 74187 | Depths:1 | Found Daupit's Jewellery Shoppe.
 74246 | Depths:1 | Found a hazy altar of Hepliaklqana.
 74487 | Depths:1 | Found a white marble altar of Elyvilon.
 74520 | Depths:1 | Found a gateway to Hell.
 74891 | Depths:2 | Found a one-way gate leading to the halls of Pandemonium.
 76537 | D:11     | You paid a toll of +3 storm dragon scales to enter a
                  | treasure trove
 76538 | Trove    | Entered a treasure trove
 77606 | Depths:3 | Identified the +1 chain mail of the Sea {Int+5}
 78564 | Depths:3 | Reached skill level 15 in Dodging
 78818 | Depths:3 | Found a corrupted altar of Lugonu.
 78818 | Depths:3 | Found a one-way gate to the infinite horrors of the Abyss.
 79556 | Depths:4 | Entered Level 4 of the Depths
 79556 | Depths:4 | Found a transporter.
 79564 | Depths:4 | Noticed Kidoeg's ghost (adept GrFi)
 79871 | Depths:4 | Found a one-way gateway to a ziggurat.
 80229 | Depths:4 | Found a transporter.
 80534 | Depths:4 | Reached XP level 25. HP: 175/175 MP: 24/43
 80594 | Depths:4 | Identified the +1 scale mail of Bitterness {rN+++}
 81030 | Depths:4 | Found a gate to the Realm of Zot.
 81048 | Depths:4 | Found a snail-covered altar of Cheibriados.
 81652 | Slime:1  | Entered Level 1 of the Pits of Slime
 81838 | Slime:1  | You are sucked into a shaft and drop 1 floor!
 81873 | Slime:2  | Gained mutation: Your magical capacity is low. (-10% MP) [a
                  | shining eye]
 82784 | Slime:5  | Entered Level 5 of the Pits of Slime
 83091 | Slime:5  | Noticed the Royal Jelly
 83095 | Slime:5  | Gained mutation: You sometimes lose your temper in combat.
                  | [a shining eye]
 83098 | Slime:5  | Killed the Royal Jelly
 83715 | Slime:4  | Noticed Dissolution
 83718 | Slime:4  | Killed Dissolution
 84376 | Slime:5  | Found the +8 demon trident "Rift" {distort, reach+}
 84445 | Slime:5  | Got a slimy rune of Zot
 84475 | Slime:5  | Identified the +4 short sword "Fogazec" {venom, rC+ rN+
                  | Int-2}
 84967 | Depths:4 | Killed Kidoeg's ghost
 84982 | Depths:4 | Identified the amulet "Issofoin" {Acrobat Harm rN+ Regen+
                  | Int-4}
 85848 | Depths:1 | Bought the ring "Ehacye" {rElec rPois rF+++ rCorr Stlth-}
                  | for 1507 gold pieces
 85854 | Depths:1 | Lost mutation: You sometimes lose your temper in combat.
                  | [potion of mutation]
 85854 | Depths:1 | Lost mutation: Your magical capacity is low. (-10% MP)
                  | [potion of mutation]
 85854 | Depths:1 | Gained mutation: Armour fits poorly on your strangely
                  | shaped body. [potion of mutation]
 86216 | Snake:4  | Bought the ring "Vesuug" {Drain rC++ rCorr Str+7 Stlth+}
                  | for 789 gold pieces
 87992 | Zot:1    | Entered Level 1 of the Realm of Zot
 88417 | Zot:1    | Reached XP level 26. HP: 97/188 MP: 43/43
 89555 | Zot:1    | Reached skill level 25 in Air Magic
 89615 | Zot:1    | Acquired the +2 kite shield of Distant Worlds {rCorr MP+9
                  | Dex-5}
 90764 | Zot:5    | Entered Level 5 of the Realm of Zot
 90969 | Zot:5    | Reached skill level 15 in Evocations
 91254 | Zot:5    | Noticed an ancient lich
 91259 | Zot:5    | Killed an ancient lich
 91267 | Zot:5    | Noticed a dread lich
 91278 | Zot:5    | Killed a dread lich
 91363 | Zot:5    | Reached skill level 26 in Air Magic
 91721 | Zot:5    | Noticed an orb of fire
 91727 | Zot:5    | Gained mutation: Your spells are a little easier to cast,
                  | but a little less powerful. [an orb of fire]
 91743 | Zot:5    | Killed an orb of fire
 91942 | Zot:5    | Noticed an ancient lich
 91945 | Zot:5    | Killed an ancient lich
 92268 | Zot:5    | Noticed a dread lich
 92297 | Zot:5    | Noticed a Killer Klown
 92301 | Zot:5    | Killed a Killer Klown
 92482 | Zot:5    | Noticed a dread lich
 92485 | Zot:5    | Killed a dread lich
 92486 | Zot:5    | Reached XP level 27. HP: 193/193 MP: 43/43
 92502 | Zot:5    | Noticed a dread lich
 92505 | Zot:5    | Killed a dread lich
 92587 | Zot:5    | Lost mutation: Your spells are a little easier to cast, but
                  | a little less powerful. [potion of mutation]
 92587 | Zot:5    | Lost mutation: Armour fits poorly on your strangely shaped
                  | body. [potion of mutation]
 92587 | Zot:5    | Gained mutation: You are weak. (Str -2) [potion of
                  | mutation]
 92587 | Zot:5    | Lost mutation: You are weak. (Str -2) [potion of mutation]
 92587 | Zot:5    | Gained mutation: You are weak. (Str -2) [potion of
                  | mutation]
 92587 | Zot:5    | Gained mutation: Your flesh is cold resistant. (rC+)
                  | [potion of mutation]
 92597 | Zot:5    | Reached skill level 27 in Air Magic
 92597 | Zot:5    | Identified the +6 dagger "Koru" {holy, rC++ Int+4 Dex+3}
 92875 | Zot:5    | Noticed an orb of fire
 92879 | Zot:5    | Gained mutation: Your flesh is heat resistant. (rF+) [an
                  | orb of fire]
 92880 | Zot:5    | Killed an orb of fire
 92883 | Zot:5    | Noticed an ancient lich
 92888 | Zot:5    | Killed an ancient lich
 93045 | Zot:5    | Reached skill level 10 in Armour
 93094 | Zot:5    | Killed a dread lich
 93185 | Zot:5    | Noticed a dread lich
 93188 | Zot:5    | Killed a dread lich
 93435 | Zot:5    | Got the Orb of Zot
 93502 | Zot:5    | Noticed Iqajogh the pandemonium lord
 93522 | Zot:4    | Noticed Idoxum the pandemonium lord
 93592 | Zot:3    | Noticed an orb of fire
 93611 | Zot:1    | Noticed Deduyq the pandemonium lord
 93630 | Zot:1    | Killed Deduyq the pandemonium lord
 93936 | Depths:1 | Noticed Qinoett the pandemonium lord
 93942 | Depths:1 | Noticed Tiraeripp the pandemonium lord
 94032 | Depths:1 | Noticed Unkuasmi the pandemonium lord
 94033 | Depths:1 | Killed Unkuasmi the pandemonium lord
 94193 | D:10     | Noticed Getuoqai the pandemonium lord
 94195 | D:10     | Killed Getuoqai the pandemonium lord
 94379 | D:$      | Escaped with the Orb!

Illustrated notes

Levels and vault maps discovered:
D:1:      dpeg_arrival_rooms_with_view, layout_rooms, columned_hall_lemuel
D:2:      layout_loops_ring, basic_altar, minmay_pentomino_p2, uniq_sigmund
D:3:      layout_basic, amcnicky_mini_rare_corridor_liquid, minmay_between
D:4:      layout_gridville, kennysheep_little_box, uniq_duvessa
D:5:      layout_basic
D:6:      layout_rooms, st_stairs_13, hangedman_abyss_or_decor_passed,
          uniq_grinder
D:7:      layout_basic, mainiacjoe_overflow_surrounded_room,
          minmay_temple_entry_proselytizer, uniq_prince_ribbit1,
          uniq_crazy_yiuf_cottage
D:8:      nicolae_cairo_tiling, layout_basic, old_standard_altar
D:9:      layout_rooms, orc_0_dummy, minmay_radiant, uniq_grum
D:10:     layout_cave_pods, nemelex_diamond_rough_becter, zin_angel,
          serial_gnoll_camp, gnoll_camp_mini_shop, gnoll_camp_mini_house,
          gnoll_camp_medium_01, gnoll_camp_mini_hut, minmay_lindwurm_lava,
          uniq_maurice, uniq_psyche
D:11:     layout_gridville, david_lair_generic, portal_ice_cave_entry_pillars_1,
          enter_trove_3, uniq_erica
D:12:     layout_stronghold, kennysheep_just_a_vault, uniq_nessos, uniq_erolcha
D:13:     layout_loops_ring, special_room [special_room_bee]
D:14:     layout_rooms, skrybe_vaults_entry_preservation,
          minmay_misc_feat_hallway
D:15:     gammafunk_enter_depths_forms, layout_stronghold, grunt_gozag_statues
Temple:   sentei_temple_godly_chess
Lair:1:   layout_regular_city, uniq_nergalle, uniq_amaemon, uniq_sonja
Lair:2:   layout_regular_city, minmay_snake_entry_six_corridors,
          gammafunk_ghost_icy, roderic_batcave
Lair:3:   layout_layer_cave, skrybe_swamp_entry_bodies, gauntlet_entry_generic,
          serial_bayou_shore_a, grunt_megastairs_3, infiniplex_staircase_pool,
          serial_bayou_shore_b
Lair:4:   layout_loops_ring, nicolae_volcano_entry_lava_flow, grunt_megastairs_5
Lair:5:   gammafunk_lair_ancient_temple, layout_cellular_growth, slime_entry_1
Swamp:1:  layout_falls_marsh, hangedman_swamp_ruin_hall, swamp_pool3,
          nicolae_swamp_necromancy_gone_wrong
Swamp:2:  layout_falls_marsh, evilmike_swamp_ruin_house_3
Swamp:3:  layout_falls_marsh, serial_swamp_ruin, evilmike_swamp_ruin_rubble_2,
          evilmike_swamp_ruin_house_2, uniq_mlioglotl
Swamp:4:  swamp_vile, layout_basic_swamp, nicolae_swamp_soggy_hallways,
          uniq_bai_suzhen
Snake:1:  layout_grid_maze, minmay_shop_grove
Snake:2:  layout_onion_interference, lemuel_fruit_tree, uniq_nikola,
          uniq_jorgrun, uniq_louise
Snake:3:  layout_grid_shapes, basic_altar, grunt_megastairs_4,
          serial_bayou_shore_b, uniq_aizul
Snake:4:  minmay_snake_end_coiled, layout_gridlike, minmay_shop_star,
          uniq_vashnia, uniq_donald, uniq_kirke
Slime:1:  layout_caves
Slime:2:  layout_caves
Slime:3:  layout_caves, nicolae_slime_round_cave
Slime:4:  layout_caves, uniq_dissolution
Slime:5
Orc:1:    layout_caves, uniq_urug
Orc:2:    st_orc_open, layout_caves, led_sif_book
Elf:1:    eino_elf_arrival_customs, layout_geoelf_grid, mu_enter_wizlab_4,
          hangedman_elven_crosses_minicolossus
Elf:2:    elven_hall_of_blades_hangedman_original
          [nicolae_blade_entry_antechamber], layout_loops_corners, serial_shops,
          nicolae_shop_crystal, nicolae_elf_m_pinch
Elf:3:    grunt_elf_hall_branching, layout_geoelf_castle
Vaults:1: grunt_vaults_twisty, v_misc_13, ontoclasm_vaults_gateway,
          nicolae_vaults_shelves_hall, v_misc_17, v_alt_pattern_4,
          vaults_standard_mumra_enter_the_diamond, vaults_room_fancy_cross,
          vaults_dpeg_ring, vaults_dpeg_emergency_exit, v_misc_11, v_misc_26,
          layout_vaults_omnibox
Vaults:2: portal_desolation_entry_salt, v_alt_pattern_2, v_misc_17,
          ontoclasm_vaults_bender, hangedman_vaults_slice,
          nicolae_vaults_shelves_hall, v_misc_11, v_misc_29,
          hangedman_vaults_trim, v_misc_12, grunt_vaults_diagonal,
          vaults_room_glass_cross, vaults_dpeg_cross, ontoclasm_vaults_hangar,
          v_misc_22, ontoclasm_vaults_loading_screen, ontoclasm_vaults_twist,
          layout_vaults_maze
Vaults:3: minmay_crypt_entry_simple_round, vaults_room_stairs_pillars,
          ontoclasm_vaults_claustrophobia, vaults_room_door_hall, v_misc_1,
          v_misc_22, hangedman_vaults_capsules, nicolae_vaults_little_squares_4,
          nicolae_vaults_little_squares_3, vaults_room_stairs_pillars,
          nicolae_vaults_sealed_display, layout_vaults_big_room, uniq_zenata
Vaults:4: v_misc_4, ontoclasm_vaults_fault, nicolae_vaults_lopsided_apartments,
          vaults_room_large_hall, v_misc_9, v_misc_26, v_alt_pattern_3,
          v_misc_9, grunt_vaults_hallway_long, layout_vaults_omnicross,
          serial_shops, nicolae_shop_trees
Depths:1: minmay_connected_boxes_in_corner, layout_cave_pools, grunt_hell_horde,
          ploomutoo_gammafunk_ghost_potion_laboratory,
          nicolae_elyvilon_peaceful_grove, st_stairs_11,
          nicolae_take_the_stairs, minmay_crystal_room, hangedman_decor_lopped,
          nicolae_hepliaklqana_monster_ancestors
Depths:2: hangedman_cross_veins, layout_small_grid, hell_entry,
          solitary_fountain, rand_demon_pan_entry_1,
          minmay_staircase_windowed_small
Depths:3: minmay_blocking_statues, layout_basic, abyss_entry_flame_altar,
          abandoned_shop, hellmouth_1, st_stairs_8, kennysheep_four_rooms
Depths:4: evilmike_zot_entry_basic, layout_cave_pools, enter_ziggurat_e,
          hell_entry, minmay_room_of_horrors, chequers_serial_rivers_large_a,
          gammafunk_ghost_arena, cheibriados_altar_1
Zot:1:    layout_onion_interference, grunt_ministairs_13
Zot:2:    layout_gridlike, zot_minivault_8
Zot:3:    layout_twisted_circle
Zot:4:    kennysheep_blocky_room, layout_misc_corridors, nicolae_lava_and_water
Zot:5:    layout_gridville, skrybe_zot_glass_1

Skill      XL: |  1  2  3  4  5  6  7  8  9 10 11 12 13 14 15 16 17 18 19 20 21 22 23 24 25 26 27 |
---------------+----------------------------------------------------------------------------------+-----
Air Magic      | 5 6 8 10 11 12 14 15 18 20 22 23 24 26 27 | 27.0
Fighting       | 1 2 4 5 8 10 12 14 15 16 17 19 20 22 25 | 25.2
Conjurations   | 2 3 5 6 8 10 14 18 22 | 22.0
Spellcasting   | 3 4 5 6 8 9 10 12 14 15 | 15.0
Evocations     | 2 3 5 8 10 11 15 | 15.0
Dodging        | 3 5 6 9 10 12 15 20 | 20.0
Armour         | 2 3 5 8 10 | 10.0
Shields        | 3 4 5 6 8 10 | 10.0
Stealth        | 3 |  3.0
Poison Magic   | 1 3 |  3.0
Short Blades   | 8 |  8.0
Translocations | 7 |  7.0

Action                   |  1- 3 |  4- 6 |  7- 9 | 10-12 | 13-15 | 16-18 | 19-21 | 22-24 | 25-27 || total
-------------------------+-------+-------+-------+-------+-------+-------+-------+-------+-------++-------
Melee: Dagger            |    14 |    17 |    31 |    48 |       |       |       |       |       ||   110
       Kick              |     5 |     2 |    11 |    27 |    13 |    80 |    96 |    21 |     7 ||   262
       Unarmed           |     3 |       |       |       |       |       |       |       |       ||     3
       Peck              |     2 |     3 |     8 |    21 |     9 |    55 |    61 |    12 |     4 ||   175
       Whip              |    16 |       |       |       |       |       |       |       |       ||    16
       Punch             |       |     1 |       |       |       |       |       |       |       ||     1
       Quick blade       |       |       |       |    52 |    36 |   166 |   161 |    45 |       ||   460
       Staff             |       |       |       |       |       |       |       |     1 |    12 ||    13
Throw: Dart              |       |       |       |     5 |       |       |       |       |       ||     5
       Throwing net      |       |       |       |       |       |       |       |       |    16 ||    16
 Cast: Shock             |    51 |    46 |    27 |    22 |       |       |       |       |       ||   146
       Static Discharge  |     4 |    13 |    27 |    46 |    10 |     3 |     5 |       |       ||   108
       Airstrike         |       |       |    99 |   194 |   116 |   584 |   530 |   148 |    26 ||  1697
       Poisonous Vapours |       |       |       |    16 |     2 |     1 |       |       |     1 ||    20
       Swiftness         |       |       |       |     1 |       |     2 |     1 |       |       ||     4
       Arcjolt           |       |       |       |       |    47 |   126 |   163 |    17 |     3 ||   356
       Conjure Ball Ligh |       |       |       |       |       |     5 |     6 |       |       ||    11
       Maxwell's Capacit |       |       |       |       |       |    59 |    71 |    16 |     4 ||   150
       Passage of Golubr |       |       |       |       |       |       |    25 |    10 |    23 ||    58
       Orb of Destructio |       |       |       |       |       |       |    87 |    52 |    32 ||   171
       Chain Lightning   |       |       |       |       |       |       |     9 |   359 |   325 ||   693
Evoke: Wand              |       |       |     1 |    13 |     6 |    11 |     2 |     1 |     9 ||    43
       Phial of floods   |       |       |       |     1 |       |     1 |     1 |       |       ||     3
       Condenser vane    |       |       |       |       |       |     2 |       |       |       ||     2
  Use: Scroll            |       |       |    17 |    13 |     5 |     8 |     6 |     6 |    13 ||    68
       Potion            |       |       |       |     5 |     4 |    11 |     4 |     6 |    28 ||    58
 Stab: Sleeping          |     1 |       |     1 |     2 |       |     1 |     2 |     2 |       ||     9
       Paralysed         |       |       |       |       |       |     1 |       |       |       ||     1
       Distracted        |       |       |       |       |       |       |     1 |       |       ||     1
Armor: Robe              |    12 |     6 |    10 |    22 |    15 |    66 |    98 |    13 |    42 ||   284
       Leather armour    |       |       |       |     9 |       |       |       |       |       ||     9
Dodge: Dodged            |    34 |    27 |    36 |   113 |    97 |   336 |   329 |    94 |    97 ||  1163
Block: Buckler           |       |       |     6 |    65 |    52 |    51 |       |       |       ||   174
       Kite shield       |       |       |       |       |       |   167 |   239 |    81 |    65 ||   552
       Reflection        |       |       |       |       |       |       |       |    17 |       ||    17

Table legend: (Time is in decaauts)
 A = Elapsed time spent in this place.
 B = Non-inter-level travel time spent in this place.
 C = Inter-level travel time spent in this place.
 D = Time resting spent in this place.
 E = Time spent auto-exploring this place.
 F = Levels seen in this place.
 G = Mean time per level.
                   A        B        C        D        E       F      G
               +--------+--------+--------+--------+--------+-----+--------+
         Total |  90844 |  80114 |  10730 |  28681 |  34743 |  57 | 1593.8 |
       Dungeon |  23659 |  20253 |   3406 |   5990 |  11039 |  15 | 1577.3 |
        Temple |      7 |      7 |      0 |      0 |      1 |   1 |    7.0 |
          Lair |   8693 |   6515 |   2178 |   1234 |   4226 |   5 | 1738.6 |
         Swamp |   4579 |   4358 |    221 |   1124 |   2287 |   4 | 1144.8 |
     Snake Pit |   9643 |   8310 |   1333 |   3391 |   3225 |   4 | 2410.8 |
    Slime Pits |   2814 |   2733 |     81 |   1890 |     53 |   5 |  562.8 |
  Orcish Mines |   2068 |   1840 |    228 |    244 |   1135 |   2 | 1034.0 |
   Elven Halls |   7543 |   6322 |   1221 |   2527 |   2089 |   3 | 2514.3 |
        Vaults |  12287 |  11610 |    677 |   3721 |   5740 |   4 | 3071.8 |
        Depths |  11634 |  10282 |   1352 |   5108 |   3510 |   4 | 2908.5 |
           Zot |   4294 |   4264 |     30 |   2213 |    442 |   5 |  858.8 |
         Trove |     72 |     72 |      0 |      0 |      3 |   1 |   72.0 |
      Ice Cave |   1707 |   1707 |      0 |    634 |    497 |   1 | 1707.0 |
       Volcano |    482 |    482 |      0 |     83 |    229 |   1 |  482.0 |
        Wizlab |    446 |    446 |      0 |    134 |     74 |   1 |  446.0 |
      Gauntlet |    910 |    910 |      0 |    385 |    188 |   1 |  910.0 |
               +--------+--------+--------+--------+--------+-----+--------+

Top non-repeatable levels by time:
Vaults:2: 4462 daAuts
Depths:1: 4132 daAuts
   Elf:3: 3515 daAuts
Vaults:1: 3161 daAuts
 Snake:4: 3056 daAuts
    D:15: 2750 daAuts
   Zot:5: 2741 daAuts
Depths:4: 2733 daAuts
   Elf:1: 2598 daAuts
 Snake:3: 2505 daAuts
    D:14: 2494 daAuts
Vaults:3: 2449 daAuts
Depths:2: 2431 daAuts
Depths:3: 2337 daAuts
Vaults:4: 2215 daAuts
